SAAA
PORT ROYAL DISASTER @ ATHLETIC CLUB KC RESERVES
08/01/2021
 
TOP OF THE 1ST
Port Royal Disaster batting - Pitching for Athletic Club KC Reserves : RHP César Vatgos
Pitching: RHP César Vatgos
Batting: SHB Bob Rogers 0-0: Ball
1-0: Called Strike
1-1: Ball
2-1: Swinging Strike
2-2: Strikes out swinging
Batting: LHB Peter Paul 0-0: Ball
1-0: Called Strike
1-1: Swinging Strike
1-2: Foul Ball, location: 2F
1-2: Foul Ball, location: 2F
1-2: Strikes out swinging
Batting: RHB Mark Melton 0-0: Ground out 4-3 (Groundball, 4)
Top of the 1st over - 0 run(s), 0 hit(s), 0 error(s), 0 left on base; Port Royal 0 - Athletic Club KC 0
BOTTOM OF THE 1ST
Athletic Club KC Reserves batting - Pitching for Port Royal Disaster : LHP Wayne Downey
Pitching: LHP Wayne Downey
Batting: LHB Greg Robinson 0-0: Ball
1-0: Called Strike
1-1: Ground out 4-3 (Groundball, 34)
Batting: RHB Adam Hennessey 0-0: Ball
1-0: SINGLE (Flyball, 78S)
Batting: LHB Rafael García 0-0: Foul Ball, location: 2F
0-1: Foul Ball, location: 2F
0-2: Ball
1-2: Foul Ball, location: 2F
1-2: Fly out, F2 (Popup, 15S)
Batting: RHB Bill Dennis 0-0: Ball
1-0: SINGLE (Line Drive, 4D)
Adam Hennessey to second
Adam Hennessey to third
Batting: RHB Robert Hill 0-0: Called Strike
0-1: Ball
1-1: Foul Ball, location: 2F
1-2: SINGLE (Line Drive, 4MD)
Adam Hennessey scores
Bill Dennis to second
Batting: RHB Máximo Padilla 0-0: Swinging Strike
0-1: Ball
1-1: Ball
2-1: Swinging Strike
2-2: SINGLE (Groundball, 56D)
Bill Dennis to third
Robert Hill to second
Runner from 3rd tries for Home, SAFE, no throw or cutoff
Batting: LHB Matt Hartnett 0-0: Ball
1-0: Foul Ball, location: 2F
1-1: Foul Ball, location: 2F
1-2: Strikes out swinging
Bottom of the 1st over - 2 run(s), 4 hit(s), 0 error(s), 2 left on base; Port Royal 0 - Athletic Club KC 2
TOP OF THE 2ND
Port Royal Disaster batting - Pitching for Athletic Club KC Reserves : RHP César Vatgos
Batting: RHB Mike Green 0-0: Ball
1-0: Called Strike
1-1: Ball
2-1: DOUBLE (Line Drive, 7D)
Batting: RHB David Gómez 0-0: Ball
1-0: Swinging Strike
1-1: Called Strike
1-2: Strikes out swinging
Batting: RHB Clint Anthony 0-0: Ball
1-0: SINGLE (Groundball, 6MD)
Mike Green to third
Batting: RHB Clement Fields 0-0: Called Strike
0-1: Ball
1-1: SINGLE (Line Drive, 6MD)
Mike Green scores
Clint Anthony to second
Batting: SHB Tim Moss 0-0: Swinging Strike
0-1: Foul Ball, location: 2F
0-2: Grounds into double play, 4-6-3 (Groundball, 4)
Top of the 2nd over - 1 run(s), 3 hit(s), 0 error(s), 1 left on base; Port Royal 1 - Athletic Club KC 2
BOTTOM OF THE 2ND
Athletic Club KC Reserves batting - Pitching for Port Royal Disaster : LHP Wayne Downey
Batting: SHB Evan Adams 0-0: Ball
1-0: SINGLE (Line Drive, 8RS)
Batting: LHB José Durán 0-0: Called Strike
0-1: Ball
1-1: Ball
Evan Adams steals 2nd base
2-1: Ball
3-1: Swinging Strike
3-2: Fly out, F6 (Popup, 7LSF)
Batting: LHB Greg Robinson 0-0: Fly out, F9 (Line Drive, 89S)
Batting: RHB Adam Hennessey 0-0: Called Strike
0-1: Foul Ball, location: 2F
0-2: Ball
1-2: Strikes out swinging
Bottom of the 2nd over - 0 run(s), 1 hit(s), 0 error(s), 1 left on base; Port Royal 1 - Athletic Club KC 2
TOP OF THE 3RD
Port Royal Disaster batting - Pitching for Athletic Club KC Reserves : RHP César Vatgos
Batting: RHB Xie-li Kan 0-0: Ball
1-0: Ball
2-0: Foul Ball, location: 2F
2-1: Ball
3-1: Swinging Strike
3-2: Ground out 5-3 (Groundball, 56S)
Batting: SHB Bob Rogers 0-0: Ball
1-0: Called Strike
1-1: Ball
2-1: Foul Ball, location: 2F
2-2: Foul Ball, location: 2F
2-2: Ground out 4-3 (Groundball, 4)
Batting: LHB Peter Paul 0-0: Ball
1-0: Foul Ball, location: 2F
1-1: SINGLE (Line Drive, 56)
Batting: RHB Mark Melton 0-0: Ball
1-0: Ground out 3-1 (Groundball, 34)
Top of the 3rd over - 0 run(s), 1 hit(s), 0 error(s), 1 left on base; Port Royal 1 - Athletic Club KC 2
BOTTOM OF THE 3RD
Athletic Club KC Reserves batting - Pitching for Port Royal Disaster : LHP Wayne Downey
Batting: LHB Rafael García 0-0: Ball
1-0: Ground out 4-3 (Groundball, 13)
Batting: RHB Bill Dennis 0-0: Called Strike
0-1: Ball
1-1: Reached on error, E5 (Groundball, 5S)
Batting: RHB Robert Hill 0-0: Called Strike
0-1: Ground out 4-3 (Groundball, 4)
Bill Dennis to third
Batting: RHB Máximo Padilla 0-0: Called Strike
0-1: Ground out 6-3 (Groundball, 6)
Bottom of the 3rd over - 0 run(s), 0 hit(s), 1 error(s), 1 left on base; Port Royal 1 - Athletic Club KC 2
TOP OF THE 4TH
Port Royal Disaster batting - Pitching for Athletic Club KC Reserves : RHP César Vatgos
Batting: RHB Mike Green 0-0: Ball
1-0: SINGLE (Line Drive, 56D)
Batting: RHB David Gómez 0-0: Called Strike
0-1: Ball
1-1: Called Strike
1-2: Ball
2-2: Ball
3-2: SINGLE (Line Drive, 78M)
Mike Green to second
Batting: RHB Clint Anthony 0-0: Ball
1-0: Foul Ball, location: 2F
1-1: Grounds into double play, 4-6-3 (Groundball, 4)
Mike Green to third
Batting: RHB Clement Fields 0-0: Ball
1-0: Ball
2-0: Foul Ball, location: 2F
2-1: Fly out, F7 (Flyball, 78D)
Top of the 4th over - 0 run(s), 2 hit(s), 0 error(s), 1 left on base; Port Royal 1 - Athletic Club KC 2
BOTTOM OF THE 4TH
Athletic Club KC Reserves batting - Pitching for Port Royal Disaster : LHP Wayne Downey
Batting: LHB Matt Hartnett 0-0: Ball
1-0: Foul Ball, location: 2F
1-1: Ball
2-1: Ground out 6-3 (Groundball, 6M)
Batting: SHB Evan Adams 0-0: Ground out 5-3 (Groundball, 56)
Batting: LHB José Durán 0-0: Ball
1-0: Fly out, F8 (Flyball, 8LM)
Bottom of the 4th over - 0 run(s), 0 hit(s), 0 error(s), 0 left on base; Port Royal 1 - Athletic Club KC 2
TOP OF THE 5TH
Port Royal Disaster batting - Pitching for Athletic Club KC Reserves : RHP César Vatgos
Batting: SHB Tim Moss 0-0: Called Strike
0-1: Ball
1-1: Foul Ball, location: 2F
1-2: Foul Ball, location: 2F
1-2: Fly out, F8 (Flyball, 8LXD)
Batting: RHB Xie-li Kan 0-0: Ball
1-0: Swinging Strike
1-1: SINGLE (Groundball, 56)
Batting: SHB Bob Rogers 0-0: Ball
Xie-li Kan is caught stealing 2nd base
1-0: Ball
2-0: Called Strike
2-1: Foul Ball, location: 2F
2-2: Ball
3-2: Strikes out swinging
Top of the 5th over - 0 run(s), 1 hit(s), 0 error(s), 0 left on base; Port Royal 1 - Athletic Club KC 2
BOTTOM OF THE 5TH
Athletic Club KC Reserves batting - Pitching for Port Royal Disaster : LHP Wayne Downey
Batting: LHB Greg Robinson 0-0: Called Strike
0-1: Swinging Strike
0-2: Ball
1-2: Ground out 1-3 (Groundball, 15)
Batting: RHB Adam Hennessey 0-0: Hit by Pitch
Batting: LHB Rafael García 0-0: Ball
1-0: Fly out, F8 (Flyball, 8RM)
Batting: RHB Bill Dennis 0-0: Ball
1-0: Called Strike
1-1: Swinging Strike
1-2: Ground out 6-3 (Groundball, 6)
Bottom of the 5th over - 0 run(s), 0 hit(s), 0 error(s), 1 left on base; Port Royal 1 - Athletic Club KC 2
TOP OF THE 6TH
Port Royal Disaster batting - Pitching for Athletic Club KC Reserves : RHP César Vatgos
Batting: LHB Peter Paul 0-0: Foul Ball, location: 2F
0-1: Ball
1-1: Fly out, F7 (Flyball, 78M)
Batting: RHB Mark Melton 0-0: Called Strike
0-1: Ball
1-1: Ball
2-1: Ball
3-1: Base on Balls
Batting: RHB Mike Green 0-0: Foul Ball, location: 2F
0-1: Ball
Mark Melton is caught stealing 2nd base
1-1: Ball
2-1: Ball
3-1: Fly out, F4 (Popup, 8RS)
Top of the 6th over - 0 run(s), 0 hit(s), 0 error(s), 0 left on base; Port Royal 1 - Athletic Club KC 2
BOTTOM OF THE 6TH
Athletic Club KC Reserves batting - Pitching for Port Royal Disaster : LHP Wayne Downey
Pitching: LHP Aukukero Mincarlie Jr.
Batting: RHB Robert Hill 0-0: Called Strike
0-1: Ball
1-1: Foul Ball, location: 2F
1-2: Ball
2-2: Fly out, F3 (Popup, 34)
Batting: RHB Máximo Padilla 0-0: Ball
1-0: Foul Ball, location: 2F
1-1: Called Strike
1-2: Strikes out swinging
Batting: LHB Matt Hartnett 0-0: Ball
1-0: Swinging Strike
1-1: Fly out, F8 (Flyball, 8LM)
Bottom of the 6th over - 0 run(s), 0 hit(s), 0 error(s), 0 left on base; Port Royal 1 - Athletic Club KC 2
TOP OF THE 7TH
Port Royal Disaster batting - Pitching for Athletic Club KC Reserves : RHP César Vatgos
Batting: RHB David Gómez 0-0: Foul Ball, location: 2F
0-1: Fly out, F9 (Flyball, 89M)
Batting: RHB Clint Anthony 0-0: Swinging Strike
0-1: Foul Ball, location: 2F
0-2: Fly out, F8 (Flyball, 8LD)
Batting: RHB Clement Fields 0-0: Ball
1-0: Ball
2-0: Swinging Strike
2-1: DOUBLE (Groundball, 5L)
Pinch Hitting: RHB Paul Smith 0-0: Called Strike
0-1: Ball
1-1: Ball
2-1: 2-RUN HOME RUN (Flyball, 7D), Distance : 348 ft
Batting: RHB Xie-li Kan 0-0: Ball
1-0: Swinging Strike
1-1: DOUBLE (Line Drive, 9LS)
Batting: SHB Bob Rogers 0-0: DOUBLE (Groundball, 3L)
Xie-li Kan scores
Batting: LHB Peter Paul 0-0: Fly out, F7 (Flyball, 7S)
Top of the 7th over - 3 run(s), 4 hit(s), 0 error(s), 1 left on base; Port Royal 4 - Athletic Club KC 2
BOTTOM OF THE 7TH
Athletic Club KC Reserves batting - Pitching for Port Royal Disaster : LHP Aukukero Mincarlie Jr.
Now at 1B: Paul Smith
Batting: SHB Evan Adams 0-0: Ball
1-0: Ball
2-0: SINGLE (Groundball, 15S) (infield hit)
Batting: LHB José Durán 0-0: Ball
1-0: Foul Ball, location: 2F
1-1: Ball
2-1: Sac Bunt - play at first, batter OUT! 1-4
Evan Adams to second
Batting: LHB Greg Robinson 0-0: Ball
1-0: Foul Ball, location: 2F
1-1: Fly out, F5 (Popup, 5F)
Batting: RHB Adam Hennessey 0-0: Ball
1-0: Fly out, F2 (Popup, 2LF)
Bottom of the 7th over - 0 run(s), 1 hit(s), 0 error(s), 1 left on base; Port Royal 4 - Athletic Club KC 2
TOP OF THE 8TH
Port Royal Disaster batting - Pitching for Athletic Club KC Reserves : RHP César Vatgos
Batting: RHB Mark Melton 0-0: Ball
1-0: Ball
2-0: Called Strike
2-1: Foul Ball, location: 2F
2-2: DOUBLE (Flyball, 7LM)
Batting: RHB Mike Green 0-0: Called Strike
0-1: Called Strike
0-2: Foul Ball, location: 2F
0-2: Strikes out swinging
Batting: RHB David Gómez 0-0: Intentional Walk
Pitching: RHP Alberto Díaz
Batting: RHB Clint Anthony 0-0: Ball
1-0: Called Strike
1-1: Ball
2-1: SINGLE (Line Drive, 9S)
Mark Melton to third
David Gómez to second
Runner from 3rd tries for Home, SAFE, no throw or cutoff
Batting: RHB Clement Fields 0-0: Ball
1-0: Foul Ball, location: 2F
1-1: Called Strike
1-2: Foul Ball, location: 2F
1-2: Ball
2-2: Ball
3-2: Foul Ball, location: 2F
3-2: Foul Ball, location: 2F
3-2: Base on Balls
David Gómez to third
Clint Anthony to second
Batting: RHB Paul Smith 0-0: Ball
1-0: SINGLE (Line Drive, 7S)
David Gómez scores
Clint Anthony to third
Clement Fields to second
Runner from 3rd tries for Home, SAFE, throw made home
Batting: RHB Xie-li Kan 0-0: Called Strike
0-1: Ball
1-1: Foul Ball, location: 2F
1-2: Foul Ball, location: 2F
1-2: Strikes out swinging
Batting: SHB Bob Rogers 0-0: Ball
1-0: DOUBLE (Line Drive, 7LM)
Clement Fields scores
Paul Smith to third
Batting: LHB Peter Paul 0-0: Ball
1-0: Called Strike
1-1: Swinging Strike
1-2: Ground out 6-3 (Groundball, 6MS)
Top of the 8th over - 4 run(s), 4 hit(s), 0 error(s), 2 left on base; Port Royal 8 - Athletic Club KC 2
BOTTOM OF THE 8TH
Athletic Club KC Reserves batting - Pitching for Port Royal Disaster : LHP Aukukero Mincarlie Jr.
Batting: LHB Rafael García 0-0: Ball
1-0: Ball
2-0: Fly out, F9 (Flyball, 9M)
Batting: RHB Bill Dennis 0-0: Ball
1-0: Reached on Error, E8 (Flyball, 8LM)
Batting: RHB Robert Hill 0-0: Ball
1-0: Swinging Strike
1-1: Fly out, F8 (Flyball, 8LM)
Batting: RHB Máximo Padilla 0-0: Ball
1-0: SINGLE (Line Drive, 6MD)
Bill Dennis to second
Batting: LHB Matt Hartnett 0-0: Ball
1-0: Foul Ball, location: 2F
1-1: Foul Ball, location: 2F
1-2: SINGLE (Line Drive, 9LS)
Bill Dennis to third
Máximo Padilla to second
Throwing error, E9
Bill Dennis scores
Máximo Padilla to third
Matt Hartnett to second
Batting: SHB Evan Adams 0-0: SINGLE (Groundball, 34D) (infield hit)
Máximo Padilla scores
Matt Hartnett to third
Batting: LHB José Durán 0-0: Ball
1-0: Ball
2-0: Called Strike
2-1: Ground out 6-3 (Groundball, 6)
Bottom of the 8th over - 2 run(s), 3 hit(s), 2 error(s), 2 left on base; Port Royal 8 - Athletic Club KC 4
TOP OF THE 9TH
Port Royal Disaster batting - Pitching for Athletic Club KC Reserves : RHP Alberto Díaz
Batting: RHB Mark Melton 0-0: Ball
1-0: Foul Ball, location: 2F
1-1: Foul Ball, location: 2F
1-2: Fly out, F9 (Flyball, 9S)
Batting: RHB Mike Green 0-0: Ball
1-0: SINGLE (Groundball, 6MD)
Batting: RHB David Gómez 0-0: Ball
1-0: Foul Ball, location: 2F
1-1: Fly out, F7 (Flyball, 78M)
Batting: RHB Clint Anthony 0-0: Called Strike
0-1: Foul Ball, location: 2F
0-2: Ball
1-2: Ball
2-2: Strikes out swinging
Top of the 9th over - 0 run(s), 1 hit(s), 0 error(s), 1 left on base; Port Royal 8 - Athletic Club KC 4
BOTTOM OF THE 9TH
Athletic Club KC Reserves batting - Pitching for Port Royal Disaster : LHP Aukukero Mincarlie Jr.
Pitching: RHP Jim Unknown
Batting: LHB Greg Robinson 0-0: Ball
1-0: Fly out, F7 (Flyball, 78S)
Batting: RHB Adam Hennessey 0-0: Ball
1-0: Ball
2-0: Ball
3-0: Called Strike
3-1: Ground out 3-1 (Groundball, 34S)
Batting: LHB Rafael García 0-0: Foul Ball, location: 2F
0-1: Foul Ball, location: 2F
0-2: Strikes out looking
Bottom of the 9th over - 0 run(s), 0 hit(s), 0 error(s), 0 left on base; Port Royal 8 - Athletic Club KC 4
This league is powered by Out of the Park Baseball, the baseball management simulation game for PC, Mac and Linux
Friday, January 22nd, 2016 - OOTP Baseball 16.9 Build 39